 Dungeon Crawl Stone Soup version 0.29.1-12-g30fa7ad0bf (webtiles) character file.

Game seed: 15147255411259556583

487 Peloso the Covered (level 6, -2/56 HPs)
             Began as a Minotaur Fighter on Dec 13, 2022.
             Killed by divine providence
             ... invoked by an orc priest
              (11 damage)
             ... on level 4 of the Dungeon.
             The game lasted 00:07:21 (4181 turns).

Peloso the Covered (Minotaur Fighter)               Turns: 4181, Time: 00:07:21

Health: -2/56      AC: 11    Str: 21    XL:     6   Next: 89%
Magic:  5/5        EV:  7    Int:  5    God:
Gold:   349        SH:  4    Dex: 11    Spells: 5/5 levels left

rFire   . . .      SeeInvis .   a - +1 long sword
rCold   . . .      Faith    .   c - +0 buckler
rNeg    . . .      Spirit   .   b - +1 chain mail
rPois   .          Reflect  .   (helmet restricted)
rElec   .          Harm     .   h - scarf {repulsion}
rCorr   .          Rampage  .   (no gloves)
Will    .....                   (no boots)
Stlth   ..........              (no amulet)
HPRegen 0.18/turn               i - ring of flight
MPRegen 0.09/turn               (no ring)

@: flying, repel missiles
A: horns 2, retaliatory headbutt
a: no special abilities


You were on level 4 of the Dungeon.
You visited 1 branch of the dungeon, and saw 4 of its levels.
You also visited: Sewer.

You collected 349 gold pieces.

Inventory:

Hand Weapons
 a - a +1 long sword (weapon)
Armour
 b - a +1 chain mail (worn)
 c - a +0 buckler (worn)
 h - a scarf of repulsion (worn)
Jewellery
 i - a ring of flight (left hand)
 s - an amulet of faith
Wands
 l - a wand of acid (1)
 p - a wand of charming (7)
Scrolls
 f - a scroll of summoning {unknown}
 g - a scroll of enchant weapon
 k - 2 scrolls of enchant armour
 r - a scroll of butterflies {unknown}
 u - a scroll of torment {unknown}
 v - a scroll of amnesia {unknown}
Potions
 d - a potion of might
 e - a potion of berserk rage
 j - a potion of experience {unknown}
 m - a potion of invisibility
 n - a potion of degeneration {unknown}
 o - a potion of mutation
 t - a potion of heal wounds
Miscellaneous
 q - a phantom mirror


   Skills:
 + Level 5.5 Fighting
 + Level 5.6 Long Blades
 + Level 5.7 Armour
 + Level 1.1 Dodging
 + Level 0.4 Stealth
 + Level 4.3 Shields
 + Level 0.2 Evocations


You had 5 spell levels left.
You didn't know any spells.
Your spell library contained the following spells:

 Spells                   Type           Power      Damage    Failure   Level
 Sting                    Tmut/Pois      0%         1d3       99%         1
 Poisonous Vapours        Pois/Air       0%         N/A       100%        2
 Olgreb's Toxic Radiance  Pois           0%         N/A       100%        4


Dungeon Overview and Level Annotations

Branches:
Dungeon (4/15)              Sewer (visited)
 Temple: D:4-7

Altars:
Dithmenos
Elyvilon
Hepliaklqana
Trog
Yredelemnul


Innate Abilities, Weirdness & Mutations

You have a pair of horns on your head.
You reflexively headbutt those who attack you in melee.


Message History

You are poisoned.
You slash something!
Reactivating autopickup.
You feel a bit more experienced.
You feel very sick.
The orc priest looks encouraged for a moment.
You hit the orc.
The orc is heavily wounded.
You feel sick. The orc hits you but does no damage.
You hit the orc.
The orc is severely wounded.
You feel sick. The orc hits you but does no damage.
You barely miss the orc. You headbutt the orc.
The orc is almost dead.
You feel sick. The orc hits you with a +0 whip.
The orc hits you but does no damage.
You hit the orc.
You kill the orc!
You feel sick.
You hit the orc priest.
The orc priest is lightly wounded.
You feel sick.
The orc priest hits you but does no damage.
You hit the orc priest. Your headbutt misses the orc priest.
The orc priest is moderately wounded.
You feel sick.
The orc priest invokes the aid of Beogh against you.
Beogh smites you!
* * * LOW HITPOINT WARNING * * *
You barely miss the orc priest.
The orc priest is moderately wounded.
You feel sick.
You are no longer poisoned.
The orc priest completely misses you.
You hit the orc priest but do no damage.
Your headbutt misses the orc priest.
The orc priest is moderately wounded.
The orc priest invokes the aid of Beogh against you.
Beogh smites you!
You die...

##..######### #.#.#
#...††....†.# #...#
...########.#####..#
........###.##...>.#
...##.#.#...##.#####
......#.#...##.#
#)#.###.#...J†.#
#.....#.#..########
#######.#.....[o@<#
##### #.##....#####
....# #.........#
....# #.....<...#
....# #.....[...#
....####........#
..(.............#
................#
##..............#


You could see an orc priest.

Vanquished Creatures
  A water moccasin (Sewer)
  A jelly (D:3)
  3 hounds (D:4)
  6 orc wizards
  2 adders (D:3)
  A worm (D:2)
  4 dart slugs
  19 orcs
  5 endoplasms
  5 goblins
  4 hobgoblins
  3 jackals (Sewer)
  7 quokkas
  6 ball pythons
  3 bats
  3 frilled lizards
  3 kobolds
  8 rats
84 creatures vanquished.

Vanquished Creatures (others)
  12 plants
12 creatures vanquished.

Grand Total: 96 creatures vanquished

Notes
Turn   | Place    | Note
-------+----------+-------------------------------------------
     0 | D:1      | Peloso the Minotaur Fighter began the quest for the Orb.
     0 | D:1      | Reached XP level 1. HP: 19/19 MP: 0/0
   255 | D:1      | Reached XP level 2. HP: 27/27 MP: 1/1
   753 | D:1      | Found a faded altar of an unknown god.
  1174 | D:2      | Reached XP level 3. HP: 15/33 MP: 2/2
  1775 | D:3      | Found a shadowy altar of Dithmenos.
  1860 | D:3      | Reached XP level 4. HP: 28/41 MP: 3/3
  1871 | D:3      | Found a glowing drain.
  1903 | Sewer    | Entered a sewer
  2018 | Sewer    | Noticed a water moccasin
  2030 | Sewer    | Killed a water moccasin
  2031 | Sewer    | Reached skill level 5 in Armour
  2031 | Sewer    | Reached XP level 5. HP: 19/47 MP: 4/4
  2838 | D:3      | Found a bloodstained altar of Trog.
  2838 | D:3      | Found a hazy altar of Hepliaklqana.
  3002 | D:3      | Found a white marble altar of Elyvilon.
  3072 | D:3      | Found a basalt altar of Yredelemnul.
  3088 | D:3      | Reached XP level 6. HP: 54/55 MP: 5/5
  3089 | D:3      | Reached skill level 5 in Fighting
  3106 | D:3      | Reached skill level 5 in Long Blades
  3697 | D:4      | Reached skill level 1 in Dodging
  4181 | D:4      | Killed from afar by an orc priest

Illustrated notes

Levels and vault maps discovered:
D:1:      tarquinn_simple_flora_water_e, layout_loops_ring,
          ebering_ecumenical_altar_ruins
D:2:      layout_basic
D:3:      layout_rooms, nicolae_elyvilon_temple_path,
          nicolae_dithmenos_the_darkroom, amcnicky_altar_gilded,
          nicolae_overflow_two_pavilions, portal_sewer_entry_c,
          dk_noncrumbling_3
D:4:      layout_basic, minmay_temple_entry_overgrown,
          eino_small_chamber_without_monster, minmay_fractal_squares_5

Skill      XL: |  1  2  3  4  5  6 |
---------------+-------------------+-----
Fighting       | 4 5 |  5.5
Shields        | 4 |  4.3
Armour         | 4 5 |  5.7
Long Blades    | 3 4 5 |  5.6
Dodging        | 1 |  1.1
Stealth        | |  0.4
Evocations     | |  0.2

Action                   |  1- 3 |  4- 6 || total
-------------------------+-------+-------++-------
Melee: Long sword        |    93 |   133 ||   226
       Headbutt          |    12 |    18 ||    30
Evoke: Wand              |     1 |     3 ||     4
  Use: Potion            |     3 |     1 ||     4
       Scroll            |     1 |     7 ||     8
Armor: Scale mail        |    56 |       ||    56
       Chain mail        |       |    91 ||    91
Dodge: Dodged            |    38 |    63 ||   101
       Repelled          |       |     2 ||     2
Block: Buckler           |    16 |    26 ||    42
